Map: Kairos Junction LE

Players

Parkkatz - Winner!

  • Race: Zerg Zerg
  • League: Platinum
  • Spawn Location: 11:00

CommyPeeTape

  • Race: Zerg Zerg
  • League: Diamond
  • Spawn Location: 5:00

VOD

Have the link to the VOD?

Description

Time

  • Played on: July 1, 2019, 12:06 a.m.
  • Length: 11:47
Show
View Real Time Build Order
Export as new Build Order

Parkkatz Zerg - Winner!

Build Orders: Hatch First 

Get SALT Encoding   

  12  0:01  Drone  
  13  0:14  Overlord  
  13  0:20  Drone  
  14  0:32  Drone  
  14  0:33  Drone  
  16  0:37  Drone  
  17  0:56  Hatchery  
  16  0:59  Drone  
  18  1:04  Drone  
  18  1:16  Spawning Pool  
  17  1:20  Drone, Extractor  
  17  1:22  Drone  
  18  1:36  Drone  
  19  1:44  Overlord  
  19  2:03  Queen  
  19  2:05  Zergling x4  
  19  2:08  Queen  
  25  2:09  Zergling x2  
  26  2:21  Metabolic Boost  
  26  2:25  Drone x2  
  26  2:26  Drone  
  29  2:33  Drone  
  29  2:34  Overlord  
  30  2:39  Queen  
  32  2:49  Overlord  
  32  2:57  Drone x3  
  35  3:13  Drone x2  
  35  3:15  Drone  
  35  3:19  Hatchery  
  36  3:31  Drone x3  
  36  3:32  Drone x3  
  40  3:34  Zergling x4  
  40  3:37  Overlord  
  42  3:48  Roach Warren  
  41  3:49  Evolution Chamber  
  41  3:53  Evolution Chamber  
  39  3:56  Overlord  
  39  4:02  Drone x3  
  42  4:03  Drone  
  43  4:11  Queen  
  45  4:18  Zerg Missile Weapons Level 1  
  45  4:30  Drone x2  
  47  4:33  Drone  
  47  4:34  Drone x4  
  47  4:35  Zergling x8  
  47  4:37  Queen  
  58  4:45  Queen  
  60  4:59  Drone x3, Extractor  
  62  5:00  Overlord  
  62  5:01  Extractor  
  62  5:06  Zergling x2  
  62  5:07  Zergling x8  
  66  5:15  Overlord x3  
  66  5:26  Zergling x2  
  66  5:27  Zergling x8  
  71  5:32  Baneling Nest  
  71  5:35  Drone  
  71  5:36  Drone x3  
  74  5:51  Zerg Ground Armor Level 1  
  74  5:53  Drone x3  
  74  5:54  Drone x3  
  74  5:55  Overlord x2  
  74  5:56  Zergling x6  
  84  5:57  Zergling x6  
  84  6:03  Overlord  
  79  6:33  Lair  
  79  6:36  Zergling x20  
  89  6:52  Roach  
  89  6:53  Roach x9  
  108  6:59  Drone  
  108  7:00  Drone  
  90  7:23  Zerg Melee Weapons Level 1  
  90  7:26  Roach x5  
  90  7:27  Roach x4  
  106  7:33  Drone x3  
  106  7:34  Drone x2, Extractor  
  106  7:35  Extractor  
  107  7:40  Extractor  
  107  7:42  Overlord x4  
  107  7:43  Overseer, Overlord  
  106  7:51  Roach  
  106  7:52  Drone, Roach x2  
  113  8:10  Zerg Ground Armor Level 2  
  113  8:19  Zergling x2  
  112  8:21  Zergling x2  
  112  8:22  Zergling x2  
  112  8:23  Zergling x12  
  112  8:24  Zergling x2  
  104  8:27  Drone  
  104  8:28  Drone x5  
  107  8:34  Drone x3  
  107  8:35  Drone x2  
  112  8:48  Infestation Pit  
  112  8:54  Glial Reconstitution  
  110  8:58  Drone x4  
  110  8:59  Drone x3  
  115  9:05  Roach x6  
  114  9:11  Roach x5  
  116  9:18  Drone  
  116  9:19  Overlord  
  116  9:22  Zergling x2  
  116  9:24  Queen  
  117  9:26  Roach x2  
  117  9:27  Roach  
  125  9:36  Zergling x6  
  125  9:37  Zergling x4  
  130  9:40  Hive  
  130  9:45  Roach x3  
  136  9:46  Roach x3  
  142  9:56  Zergling x12  
  148  10:08  Infestor x2  
  148  10:09  Infestor  
  154  10:17  Hydralisk Den  
  145  10:34  Zergling x2  
  145  10:35  Zergling x26  
  130  10:54  Drone x4  
  130  11:08  Zergling x2  
  130  11:09  Zergling x18  
  132  11:18  Zergling x2  
  121  11:19  Zergling x6  
Show
View Real Time Build Order
Export as new Build Order

CommyPeeTape Zerg 

Build Orders: Pool First 

Get SALT Encoding   

  12  0:01  Drone  
  13  0:12  Overlord  
  13  0:17  Drone  
  14  0:31  Drone x2  
  14  0:35  Drone  
  17  0:47  Spawning Pool  
  16  0:53  Drone  
  17  1:11  Hatchery  
  17  1:15  Drone  
  17  1:18  Extractor  
  16  1:19  Drone  
  16  1:22  Drone  
  18  1:32  Drone  
  19  1:36  Queen  
  21  1:41  Overlord  
  21  1:55  Spine Crawler  
  21  1:58  Drone  
  21  2:05  Drone  
  22  2:11  Drone  
  22  2:12  Baneling Nest  
  22  2:23  Queen  
  22  2:25  Zergling x4  
  26  2:37  Drone x2  
  26  2:39  Queen  
  30  2:45  Overlord  
  30  2:55  Drone x2  
  32  3:10  Drone x3  
  35  3:36  Baneling x4  
  35  3:41  Drone x6  
  38  3:42  Drone x2, Overlord  
  43  3:57  Drone  
  43  3:59  Overlord x3  
  44  4:13  Hatchery  
  44  4:16  Overlord x2  
  43  4:18  Drone  
  43  4:19  Drone x2, Roach Warren  
  43  4:21  Extractor  
  44  4:25  Lair  
  44  4:43  Evolution Chamber  
  43  4:49  Drone x4  
  43  4:50  Drone x5  
  52  5:05  Drone x2  
  54  5:16  Roach x3  
  54  5:17  Roach x5  
  70  5:26  Roach x2  
  74  5:34  Drone  
  75  5:39  Zerg Missile Weapons Level 1  
  75  5:40  Roach x3, Extractor x2  
  79  5:47  Roach x3  
  79  5:48  Overlord x2  
  85  5:53  Overlord x2  
  85  5:55  Drone  
  86  6:00  Drone x2  
  88  6:05  Roach  
  90  6:11  Drone x3  
  90  6:12  Drone x2  
  90  6:17  Ravager x2  
  90  6:30  Drone x2  
  90  6:31  Drone x4  
  96  6:41  Drone x4  
  96  6:42  Drone x3  
  96  6:44  Roach  
  96  6:45  Roach  
  107  6:49  Queen x2  
  110  6:54  Drone x3  
  110  6:56  Spine Crawler  
  110  6:57  Overlord  
  110  6:58  Queen  
  112  7:14  Roach x3  
  116  7:21  Drone x5  
  113  7:25  Queen  
  110  7:34  Drone x5  
  114  7:44  Drone x4  
  118  7:52  Zerg Missile Weapons Level 2  
  118  7:54  Roach x3  
  124  7:59  Ravager x7  
  124  8:01  Roach x2  
  135  8:11  Roach  
  137  8:25  Roach x5  
  137  8:26  Roach x4  
  137  8:30  Roach  
  137  8:31  Roach  
  124  8:34  Roach  
  124  8:38  Roach, Spine Crawler  
  117  8:50  Extractor  
  117  8:51  Extractor  
  115  8:59  Roach x2  
  117  9:03  Roach x3  
  117  9:04  Roach x2  
  117  9:07  Roach  
  117  9:09  Drone  
  120  9:15  Drone x2  
  120  9:16  Drone x2  
  124  9:27  Ravager x2  
  124  9:30  Drone x4  
  124  9:31  Drone  
  131  9:40  Roach x3  
  137  9:51  Drone  
  137  9:52  Overlord  
  138  9:53  Overlord x3  
  138  10:16  Drone x4  
  138  10:17  Drone, Overlord x4  
  138  10:18  Hatchery  
  142  10:26  Roach x2  
  142  10:27  Roach  
  146  10:31  Roach x4  
  122  10:36  Roach  
  122  10:42  Roach x2  
  102  10:45  Roach x3  
  102  10:49  Hydralisk Den  
  101  10:51  Drone x2  
  101  10:52  Roach x2  
  101  10:53  Hatchery  
  106  10:58  Roach x2  
  106  11:00  Roach  
  102  11:04  Roach  
  90  11:14  Roach x6  
  90  11:17  Roach x3  
  88  11:22  Roach x4  
  88  11:25  Roach  
Tags
 
Add a new tag
Caveats
  • Supply blocks, unpowered buildings, or Contaminate may cause inaccurate times.
  • Supply counts are checked every 10 seconds.